 Dungeon Crawl Stone Soup version 0.20-b1 (webtiles) character file.

121300 Lochraine the Bludgeoner (level 17, -1/124 HPs)
             Began as a Human Artificer on May 19, 2017.
             Was the Champion of Hepliaklqana.
             Killed from afar by a bog body (18 damage)
             ... with a bolt of cold
             ... on level 3 of the Swamp.
             The game lasted 01:22:54 (29794 turns).

Lochraine the Bludgeoner (Human Artificer)         Turns: 29794, Time: 01:22:55

Health: -1/124     AC: 30    Str: 24    XL:     17   Next: 39%
Magic:  24/24      EV: 19    Int: 11    God:    Hepliaklqana [******]
Gold:   2654       SH:  0    Dex: 20    Spells: 16/16 levels left

rFire    . . .     SeeInvis .   X - +2 great mace (drain)
rCold    . . .     Gourm    .   (shield currently unavailable)
rNeg     . . .     Faith    .   s - +0 plate armour
rPois    +         Spirit   .   c - +2 helmet
rElec    .         Reflect  .   N - +2 cloak
rCorr    .         Harm     .   I - +2 pair of gloves
MR       +....                  P - +2 pair of boots
Stlth    ..........             o - amulet of regeneration
Regen    0.7/turn               v - ring of poison resistance
MPRegen  0.2/turn               x - +5 ring of evasion

@: mighty, agile, hasted, slow
A: reduced essence
a: Recall Ancestor, Ancestor Identity, Transference, Idealise, Renounce Religion


You were on level 3 of the Swamp.
You worshipped Hepliaklqana.
Hepliaklqana was exalted by your worship.
You were not hungry.

You visited 4 branches of the dungeon, and saw 26 of its levels.

You collected 2822 gold pieces.
You spent 168 gold pieces at shops.

Inventory:

Hand Weapons
 S - a +0 great mace
   (You took it off a tengu warrior on level 13 of the Dungeon)
 X - a +2 great mace of draining (weapon)
   (You took it off Rupert on level 5 of the Lair of Beasts)
Armour
 c - a +2 helmet (worn)
   (You found it on level 14 of the Dungeon)
 s - a +0 plate armour (worn)
   (You found it on level 2 of the Dungeon)
 I - a +2 pair of gloves (worn)
   (You found it on level 5 of the Lair of Beasts)
 N - a +2 cloak (worn)
   (You found it on level 7 of the Dungeon)
 P - a +2 pair of boots (worn)
   (You found it on level 2 of the Lair of Beasts)
Jewellery
 l - an uncursed ring of protection from magic
   (You found it on level 5 of the Dungeon)
 o - an amulet of regeneration (around neck)
   (You found it on level 4 of the Dungeon)
 v - a ring of poison resistance (left hand)
   (You found it on level 3 of the Dungeon)
 w - an uncursed ring of positive energy
   (You found it on level 3 of the Dungeon)
 x - a +5 ring of evasion (right hand)
   (You found it on level 2 of the Swamp)
 z - an uncursed ring of see invisible
   (You found it on level 5 of the Lair of Beasts)
 F - an uncursed amulet of rage
   (You found it on level 6 of the Dungeon)
 J - an uncursed ring of protection from fire
   (You found it on level 6 of the Dungeon)
 O - a +3 amulet of reflection
   (You found it on level 2 of the Lair of Beasts)
Wands
 d - a wand of iceblast (7/15)
   (You took it off a crimson imp on level 14 of the Dungeon)
 m - a wand of polymorph (3/24)
   (You took it off Ijyb on level 4 of the Dungeon)
 u - a wand of paralysis (2/24)
   (You found it on level 7 of the Dungeon)
 M - a wand of flame (11/48)
   (You found it on level 7 of the Dungeon)
Scrolls
 b - a scroll of summoning
 h - 4 scrolls of identify {@r1}
 i - 8 scrolls of remove curse {@r2}
 j - a scroll of magic mapping
 r - a scroll of recharging
 R - 2 scrolls of vulnerability {!r}
 V - 4 scrolls of fog
 Y - 3 scrolls of teleportation {@r4}
 Z - 2 scrolls of fear
Potions
 e - a potion of might
 g - 6 potions of degeneration {!q}
 k - 3 potions of curing {@q1}
 n - 2 potions of haste {@q3}
 p - 2 potions of heal wounds {@q2}
 t - 3 potions of flight
 y - 5 potions of mutation {!q}
 A - 6 potions of brilliance
 C - 3 potions of lignification {!q}
 D - 3 potions of agility
 E - a potion of cancellation
 H - 2 potions of resistance
 K - a potion of berserk rage {unknown}
 Q - 3 potions of magic
 U - a potion of ambrosia {unknown}
Miscellaneous
 W - a lightning rod (4/4) {!a}
   (You found it on level 14 of the Dungeon)
Comestibles
 a - a chunk of flesh
 f - 8 meat rations
 q - 14 bread rations
 B - 7 fruits
 G - 7 royal jellies


   Skills:
 + Level 13.7 Fighting
   Level 1.3 Short Blades
 + Level 16.3 Maces & Flails
 + Level 13.2 Armour
 - Level 2.0 Dodging
 - Level 1.0 Stealth
   Level 7.1 Shields
 * Level 10.6 Invocations
 - Level 10.1 Evocations


You had 16 spell levels left.
You didn't know any spells.

Dungeon Overview and Level Annotations

Branches:
Dungeon (15/15)            Temple (0/1) D:7            Lair (6/6) D:11
  Swamp (3/4) Lair:4       Spider (0/4) Lair:3        Slime (0/5) Lair:6
    Orc (2/2) D:10            Elf (0/3) Orc:2        Vaults (0/5) D:14
 Depths (0/5) D:15

Altars:
Fedhas
Gozag
Hepliaklqana
Kikubaaqudgha
Makhleb
Nemelex Xobeh
Qazlal
Trog
Uskayaw
Zin
Beogh
Jiyva

Shops:
D:4 :   D:8 [   D:15 (   Orc:2 =((!

Annotations:
Lair:3 exclusion: 3 oklob plants


Message History

The bog body closely misses your tyrant leech.
Your tyrant leech bites the bog body!
What are your orders? t - Shout!
Orders for allies: a - Attack new target. r - Retreat! s - Stop attacking. g - Guard the area. f - Follow me.
Anything else - Cancel.
Gang up on whom?
Aim: a swamp dragon (catching its breath) Attack!
The bog body casts a spell at you.
The bolt of cold hits your tyrant leech.
The bolt of cold hits your spriggan druid.
Your slime creature closely misses the bog body.
Your spriggan druid gestures wildly while chanting.
The forest starts to sway and rumble!
The swamp dragon bites your slime creature!!
The swamp dragon claws your slime creature!
The swamp dragon tramples your slime creature!
Your slime creature stumbles backwards!
You enter the shallow water.
Moving in this stuff is going to be slow. 2 ugly things come into view.
A root smacks the bog body from below.
Your tyrant leech is engulfed in freezing vapours.
Your tyrant leech dies!
Your tyrant leech's corpse dissolves into shadows!
The bog body gestures at you while chanting.
The bolt of cold hits you!
The purple ugly thing moves out of view.
Your slime creature barely misses the swamp dragon.
The swamp dragon bites your slime creature!
The swamp dragon claws your slime creature!
The swamp dragon tramples your slime creature.
Your slime creature stumbles backwards!
A spectral mist appears from out of your range of vision.
The spectral mist engulfs the swamp dragon.
The purple ugly thing basks in the mutagenic energy from its kin and changes!
You hear a horrible gurgling sound!
A green ugly thing comes into view.
As you read the scroll of magic mapping, it crumbles to dust.
You feel aware of your surroundings.
You sensed 1 shop/portal.
You are engulfed in freezing vapours.
* * * LOW HITPOINT WARNING * * *
Two slime creatures merge to form a large slime creature.
Two slime creatures merge to form a very large slime creature.
The bog body casts a spell at you. The bolt of cold hits you!
You die...

,≈,,,,,≈≈≈≈≈.≈....≈♣♣
,,,≈,,,.≈..≈.≈...≈..♣
≈,,,,,≈..§≈§..≈.≈≈..♣
≈,,,,,≈≈.≈§n§§§.♣§..♣
,≈≈,,≈,≈.§§§D§§.≈♣.♣*
≈,,,,,,...§§kJ§.♣.♣♣
,,,,≈,,..≈§§§§J.≈.≈♣
,≈≈,,,,....§§≈§..≈♣♣
,,≈≈≈≈≈.......≈.@.≈♣
≈≈≈≈≈,,≈....≈♣§...♣♣
,,,,,≈≈...≈≈.n♣J♣♣♣
≈,,,,,≈......≈.i.*
,,≈,,,,..≈.≈≈.≈v.***
**,≈,≈≈.≈≈≈.≈u....,**
**≈,≈,≈≈≈≈≈≈.≈.≈≈≈≈≈*
**,,≈,,,,,...uu.,*,**
***≈,,,≈,,,,,,,,≈,**


You could see a swamp dragon, 3 ugly things, 2 bog bodies, an insubstantial
wisp, a friendly very large slime creature, a friendly large slime creature, a
friendly slime creature, a friendly spriggan druid and a friendly swamp drake.

Vanquished Creatures
  Rupert (Lair:5)
  Azrael (D:12)
  A fire dragon (D:15)
  Josephine (Lair:4)
  Erolcha (D:9)
  A vault guard (D:14)
  6 centaur warriors
  3 alligators
  8 hydras
  3 death yaks (Lair:5)
  A tengu warrior (D:13)
  6 two-headed ogres
  7 slime creatures
  Urug (Lair:3)
  4 orc high priests
  2 spriggans (Swamp:2)
  6 skeletal warriors
  2 wizards (D:14)
  A shambling mangrove (Swamp:3)
  5 orc knights
  9 ugly things
  An orc sorcerer (Orc:2)
  A moth of wrath (shapeshifter) (D:13)
  2 cyclopes
  A manticore (D:15)
  4 elephants
  2 black mambas
  5 gargoyles
  11 spiny frogs
  4 rime drakes (Lair:6)
  An efreet (D:14)
  A kobold demonologist (D:15)
  2 tengu conjurers
  7 komodo dragons
  8 hornets
  A tyrant leech (Swamp:2)
  A meliai (D:14)
  A polar bear (Lair:6)
  5 trolls
  A bog body (Swamp:2)
  2 dream sheep (Lair:6)
  5 hippogriffs
  4 blink frogs (Lair:4)
  3 wraiths
  A gnoll sergeant (D:5)
  3 wyverns
  26 yaks
  2 fire elementals (D:12)
  A hog (shapeshifter) (Orc:2)
  2 hogs (D:8)
  A basilisk (D:13)
  A hungry ghost (D:14)
  2 vampire mosquitoes
  15 insubstantial wisps
  4 swamp worms
  A warg (Orc:2)
  2 acid dragons
  17 water moccasins
  2 hell hounds (D:12)
  5 ice beasts
  7 porcupines
  An eye of draining (D:12)
  3 sky beasts
  10 killer bees
  A black bear (Lair:3)
  12 orc warriors
  A phantom (D:6)
  7 ogres
  4 wolves
  12 centaurs
  A big kobold (D:14)
  8 crocodiles
  20 bullfrogs
  A wyvern zombie (D:14)
  4 scorpions
  A howler monkey (D:14)
  An electric eel (Lair:1)
  6 crimson imps
  A centaur zombie (D:9)
  3 centaur skeletons
  A bullfrog skeleton (D:10)
  15 orc priests
  A hound (D:3)
  2 jellies
  10 orc wizards
  2 iguanas
  13 worker ants
  2 hound skeletons
  9 gnolls
  14 adders
  A howler monkey skeleton (D:6)
  4 shadow imps
  An ooze (D:6)
  2 adder skeletons (D:4)
  4 worms
  3 dart slugs (D:1)
  2 leopard geckos
  56 orcs
  10 bats
  4 giant cockroaches
  10 hobgoblins
  3 jackals
  10 kobolds
  4 quokkas
  4 frilled lizards
  9 goblins
  A jackal zombie (D:5)
  A leopard gecko skeleton (D:6)
  8 rats
538 creatures vanquished.

Vanquished Creatures (collateral kills)
  A thorn hunter (Swamp:2)
  A dire elephant (Lair:5)
  A fire dragon (D:15)
  7 hydras
  A merfolk avatar (Lair:6)
  A ghost crab (Swamp:2)
  4 two-headed ogres
  A death yak (Lair:5)
  5 alligators
  An orc high priest (Orc:2)
  An unseen horror (D:13)
  The ghost of anet the Magician, a novice DEWz of Ashenzari (D:7)
  A sea snake (Lair:6)
  5 skeletal warriors
  The ghost of Lochraine the Chiller, a novice DrIE of Dithmenos (D:8)
  A shambling mangrove (Swamp:2)
  3 orc sorcerers (Orc:2)
  2 orc knights (Orc:2)
  3 ugly things (D:14)
  A cyclops (Orc:1)
  2 deep elf magi (D:15)
  2 manticores
  2 black mambas
  2 centaur zombies
  5 spiny frogs
  3 centaur skeletons
  A rime drake (Lair:6)
  A komodo dragon (Lair:6)
  A tyrant leech (Swamp:2)
  2 polar bears (Lair:6)
  A wind drake (Lair:5)
  3 trolls
  A blink frog (Lair:4)
  3 hornets
  5 bog bodies
  2 dream sheep (Lair:6)
  3 slime creatures
  7 hippogriffs
  2 spriggans (Swamp:2)
  2 wraiths (Lair:4)
  3 wyverns
  Eustachio (D:5)
  2 hogs (D:8)
  2 basilisks
  7 yaks
  A human (D:8)
  A vampire mosquito (Swamp:1)
  A steam dragon (D:10)
  2 swamp worms
  3 insubstantial wisps
  2 porcupines
  8 water moccasins
  13 orc warriors
  An ice beast (D:15)
  4 swamp drakes
  4 sky beasts
  4 ogres
  4 wolves
  4 centaurs
  5 crocodiles
  3 bullfrogs
  A gnoll sergeant (D:6)
  2 scorpions
  6 killer bees
  5 wights
  2 crimson imps
  5 orc priests
  A hound (D:14)
  10 orc wizards
  Ijyb (D:4)
  2 worker ants
  An iguana (D:11)
  5 gnolls
  3 adders
  A leopard gecko (D:5)
  34 orcs
  2 goblins (D:10)
  A hobgoblin (D:10)
  4 jackals
  A plant (Lair:4)
254 creatures vanquished.

Vanquished Creatures (others)
  A deep elf archer (D:14)
  A killer bee (D:4)
  25 battlemagi
  A gnoll (D:3)
  2 ancestors
  An orc (D:3)
  5 fungi
  9 plants
45 creatures vanquished.

Grand Total: 837 creatures vanquished

Notes
Turn   | Place    | Note
-------+----------+-------------------------------------------
     0 | D:1      | Lochraine the Human Artificer began the quest for the Orb.
     0 | D:1      | Reached XP level 1. HP: 15/15 MP: 3/3
    77 | D:1      | Reached XP level 2. HP: 19/21 MP: 4/4
   249 | D:1      | Reached skill level 1 in Maces & Flails
   249 | D:1      | Reached XP level 3. HP: 18/26 MP: 5/5
   745 | D:2      | Reached XP level 4. HP: 20/33 MP: 6/6
  1063 | D:2      | Found an ancient bone altar of Kikubaaqudgha.
  1112 | D:2      | Found a glowing silver altar of Zin.
  1507 | D:2      | Found a hide-covered altar of Uskayaw.
  1507 | D:2      | Found a bloodstained altar of Trog.
  1841 | D:3      | Reached skill level 2 in Maces & Flails
  1978 | D:3      | Reached XP level 5. HP: 29/39 MP: 6/8
  2697 | D:3      | Reached XP level 6. HP: 46/47 MP: 9/9
  3247 | D:4      | Reached skill level 3 in Maces & Flails
  3252 | D:4      | Found a hazy altar of Hepliaklqana.
  3264 | D:4      | Became a worshipper of Hepliaklqana the Forgotten
  3280 | D:4      | Found a burning altar of Makhleb.
  3313 | D:4      | Reached XP level 7. HP: 17/46 MP: 10/10
  3317 | D:4      | Reached skill level 5 in Evocations
  3522 | D:4      | Noticed Ijyb
  3560 | D:4      | Killed Ijyb
  3715 | D:4      | Found Marur's Book Shoppe.
  4174 | D:4      | Reached skill level 4 in Maces & Flails
  4370 | D:5      | Entered Level 5 of the Dungeon
  4384 | D:5      | Reached * piety under Hepliaklqana
  4452 | D:5      | Reached skill level 1 in Armour
  4638 | D:5      | Reached XP level 8. HP: 49/54 MP: 12/12
  4746 | D:5      | Noticed Eustachio
  4759 | D:5      | Killed Eustachio
  4770 | D:5      | Reached skill level 5 in Maces & Flails
  4817 | D:5      | Reached skill level 5 in Fighting
  5050 | D:5      | Found a sparkling altar of Nemelex Xobeh.
  5173 | D:5      | Reached ** piety under Hepliaklqana
  5174 | D:5      | Remembered your ancestor Jabu as a battlemage
  5468 | D:6      | Reached skill level 6 in Maces & Flails
  5534 | D:6      | Reached XP level 9. HP: 59/61 MP: 13/13
  5923 | D:7      | Found an opulent altar of Gozag.
  5928 | D:7      | Noticed anet's ghost (novice DEWz)
  6016 | D:7      | Killed anet's ghost
  6016 | D:7      | Reached skill level 7 in Maces & Flails
  6192 | D:7      | Got a steaming dagger
  6558 | D:7      | Noticed a hornet
  6579 | D:7      | Paralysed by a hornet for 3 turns
  6587 | D:7      | Killed a hornet
  6758 | D:7      | Found a staircase to the Ecumenical Temple.
  6853 | D:8      | Noticed Lochraine's ghost (novice DrIE)
  6858 | D:8      | Killed Lochraine's ghost
  6858 | D:8      | Reached skill level 8 in Maces & Flails
  6858 | D:8      | Reached XP level 10. HP: 69/69 MP: 15/15
  6922 | D:8      | Reached skill level 5 in Armour
  6938 | D:8      | Reached *** piety under Hepliaklqana
  6955 | D:8      | Noticed a two-headed ogre
  6960 | D:8      | Killed a two-headed ogre
  6960 | D:8      | Reached skill level 9 in Maces & Flails
  7059 | D:8      | Found Eweawym's Armour Shop.
  7168 | D:8      | Found a blossoming altar of Fedhas.
  7671 | D:9      | Noticed Erolcha
  7675 | D:9      | Killed Erolcha
  7675 | D:9      | Reached XP level 11. HP: 76/76 MP: 17/17
  7702 | D:9      | Reached skill level 10 in Maces & Flails
  7870 | D:9      | Noticed a two-headed ogre
  7872 | D:9      | Killed a two-headed ogre
  8084 | D:9      | You fall through a shaft!
  8084 | D:10     | Entered Level 10 of the Dungeon
  8243 | D:10     | Found a staircase to the Orcish Mines.
  8482 | D:10     | Noticed a two-headed ogre
  8494 | D:10     | Killed a two-headed ogre
  8631 | D:10     | Noticed a two-headed ogre
  8639 | D:10     | Killed a two-headed ogre
  8639 | D:10     | Reached skill level 11 in Maces & Flails
  9158 | D:11     | Reached **** piety under Hepliaklqana
  9161 | D:11     | Found a hazy altar of Hepliaklqana.
  9228 | D:11     | Noticed a two-headed ogre
  9230 | D:11     | Noticed a two-headed ogre
  9238 | D:11     | Killed a two-headed ogre
  9256 | D:11     | Killed a two-headed ogre
  9368 | D:11     | Reached XP level 12. HP: 84/84 MP: 18/18
  9430 | D:11     | Found a staircase to the Lair.
  9744 | D:11     | Noticed a five-headed hydra
  9751 | D:11     | Killed a five-headed hydra
  9811 | Lair:1   | Entered Level 1 of the Lair of Beasts
  9915 | Lair:1   | Noticed a seven-headed hydra
  9924 | Lair:1   | Killed a seven-headed hydra
 10431 | Lair:1   | Noticed a six-headed hydra
 10435 | Lair:1   | Killed a six-headed hydra
 10435 | Lair:1   | Reached skill level 12 in Maces & Flails
 10706 | Lair:2   | Reached ***** piety under Hepliaklqana
 10787 | Lair:2   | Identified the +9 dagger "Hoarieven" {pierce, *Noise Str+4 Dex+3} (You found it on level 7 of the Dungeon)
 11074 | Lair:2   | Noticed an eight-headed hydra
 11079 | Lair:2   | Killed an eight-headed hydra
 11679 | Lair:3   | Reached skill level 10 in Evocations
 11801 | Lair:3   | Noticed a four-headed hydra
 11808 | Lair:3   | Killed a four-headed hydra
 11886 | Lair:3   | Found a hole to the Spider Nest.
 11991 | Lair:3   | Noticed Urug
 12007 | Lair:3   | Reached skill level 1 in Shields
 12007 | Lair:3   | Reached XP level 13. HP: 55/90 MP: 20/20
 12013 | Lair:3   | Killed Urug
 12722 | Lair:4   | Found a staircase to the Swamp.
 12784 | Lair:4   | Reached skill level 10 in Fighting
 12977 | Lair:4   | Noticed Josephine
 12981 | Lair:4   | Killed Josephine
 13048 | Lair:4   | Reached skill level 5 in Shields
 13227 | Lair:4   | Reached ****** piety under Hepliaklqana
 13348 | Lair:4   | Noticed a seven-headed hydra
 13357 | Lair:4   | Killed a seven-headed hydra
 14239 | Lair:5   | Noticed Rupert
 14252 | Lair:5   | Paralysed by Rupert for 6 turns
 14298 | Lair:5   | Killed Rupert
 14298 | Lair:5   | Reached skill level 10 in Armour
 14871 | Lair:5   | Reached XP level 14. HP: 91/99 MP: 21/21
 15159 | Lair:6   | Entered Level 6 of the Lair of Beasts
 15179 | Lair:6   | Reached skill level 13 in Maces & Flails
 15189 | Lair:6   | Noticed a dire elephant
 15240 | Lair:5   | Killed a dire elephant
 16510 | Lair:6   | Reached skill level 14 in Maces & Flails
 17091 | Lair:6   | Found a viscous altar of Jiyva.
 17092 | Lair:6   | Found a staircase to the Slime Pits.
 17979 | D:12     | Reached XP level 15. HP: 108/108 MP: 22/22
 18183 | D:12     | Noticed Azrael
 19209 | D:13     | Found a stormy altar of Qazlal.
 19603 | D:13     | Reached skill level 15 in Maces & Flails
 20373 | D:14     | Reached skill level 1 in Invocations
 22333 | D:14     | Reached skill level 5 in Invocations
 22651 | D:14     | Reached XP level 16. HP: 99/116 MP: 23/23
 23135 | D:14     | Found a gate to the Vaults.
 23191 | D:15     | Entered Level 15 of the Dungeon
 23585 | D:15     | Found a staircase to the Depths.
 24287 | D:15     | Found Puca's Weapon Boutique.
 24533 | Orc:1    | Entered Level 1 of the Orcish Mines
 24630 | Orc:1    | Found a roughly hewn altar of Beogh.
 24866 | Orc:2    | Entered Level 2 of the Orcish Mines
 24884 | Orc:2    | Found a staircase to the Elven Halls.
 25169 | Orc:1    | Found a burning altar of Makhleb.
 26372 | Orc:2    | Found Vuesm's Jewellery Shop.
 26372 | Orc:2    | Found Emyufat's Distillery.
 26374 | Orc:2    | Found Lirr's Weapon Shop.
 26374 | Orc:2    | Found Wexkim's Antique Weapon Shoppe.
 26537 | Orc:2    | Bought a potion of curing for 36 gold pieces
 26537 | Orc:2    | Bought a potion of agility for 48 gold pieces
 26537 | Orc:2    | Bought a potion of agility for 48 gold pieces
 26537 | Orc:2    | Bought a potion of curing for 36 gold pieces
 27032 | D:12     | Killed Azrael
 27032 | D:12     | Reached skill level 16 in Maces & Flails
 27308 | Swamp:1  | Entered Level 1 of the Swamp
 28154 | Swamp:1  | Reached XP level 17. HP: 71/123 MP: 24/24
 28705 | Swamp:2  | Got a ripped robe
 28756 | Swamp:2  | Noticed a thorn hunter
 28773 | Swamp:2  | Killed a thorn hunter
 28804 | Swamp:2  | Reached skill level 10 in Invocations
 29764 | Swamp:3  | Noticed a thorn hunter
 29775 | Swamp:3  | Noticed a thorn hunter
 29794 | Swamp:3  | Killed from afar by a bog body

Skill      XL: |  1  2  3  4  5  6  7  8  9 10 11 12 13 14 15 16 17 |
---------------+----------------------------------------------------+-----
Maces & Flails | 1 2 3 4 6 8 9 11 12 14 15 16 | 16.3
Fighting       | 2 3 4 5 6 7 8 9 10 11 12 13 | 13.7
Evocations     | 4 5 6 7 8 9 10 | 10.1
Armour         | 1 3 4 6 7 8 10 11 12 13 | 13.2
Shields        | 1 7 |  7.1
Invocations    | 5 9 10 | 10.6
Short Blades   | |  1.3
Dodging        | |  2.0
Stealth        | |  1.0

Action                   |  1- 3 |  4- 6 |  7- 9 | 10-12 | 13-15 | 16-18 || total
-------------------------+-------+-------+-------+-------+-------+-------++-------
Melee: Mace              |    11 |       |       |       |       |       ||    11
       Short sword       |     5 |       |       |       |       |       ||     5
       Whip              |    78 |   167 |   195 |   442 |   334 |       ||  1216
       Unarmed           |       |       |    18 |       |       |       ||    18
       Great mace        |       |       |       |       |   546 |   595 ||  1141
 Fire: Hunting sling     |       |     6 |     7 |       |       |       ||    13
Invok: Ancestor Identity |       |       |     1 |       |       |       ||     1
       Ancestor Life: Ba |       |       |     1 |       |       |       ||     1
       Recall Ancestor   |       |       |     2 |     2 |     3 |     3 ||    10
       Idealise          |       |       |       |       |       |     2 ||     2
 Abil: Evoke Berserk Rag |       |       |       |       |     5 |     1 ||     6
Evoke: Wand              |       |     6 |    25 |    32 |    23 |    10 ||    96
       Lightning rod     |       |       |       |       |     3 |     1 ||     4
  Use: Scroll            |       |     6 |     9 |    15 |    12 |    13 ||    55
       Potion            |       |     1 |     1 |       |     5 |     8 ||    15
 Stab: Sleeping          |     2 |       |       |       |       |       ||     2
       Confused          |       |     2 |       |       |       |       ||     2
       Distracted        |       |       |     1 |     9 |    10 |     8 ||    28
       Paralysed         |       |       |       |     7 |     6 |     5 ||    18
  Eat: Chunk             |       |     8 |    11 |    16 |    34 |     7 ||    76
       Fruit             |       |       |       |       |     7 |     6 ||    13
       Royal jelly       |       |       |       |       |       |     6 ||     6
Armor: Leather armour    |    19 |    27 |       |       |       |       ||    46
       Ring mail         |       |    13 |    28 |       |       |       ||    41
       Chain mail        |       |       |    28 |   173 |     8 |       ||   209
       Plate armour      |       |       |       |       |   490 |   520 ||  1010
Dodge: Dodged            |    45 |   105 |    76 |   138 |   276 |   314 ||   954
Block: Shield            |       |       |       |     1 |    98 |       ||    99
